 Seeded DCSS version 0.28-a0-1567-g1695149f81 (webtiles) character file.

Game seed: 156 (custom seed)

5 knot the Chopper (level 1, -9/27 HPs)
             Began as a Demonspawn Berserker on Jan 19, 2022.
             Was a Follower of Trog.
             Mangled by a gnoll (13 damage)
             ... on level 1 of the Dungeon.
             The game lasted 00:00:15 (373 turns).

knot the Chopper (Demonspawn Berserker)              Turns: 373, Time: 00:00:15

Health: -9/27      AC:  2    Str: 17    XL:     1   Next: 66%
Magic:  1/1        EV: 12    Int:  8    God:    Trog [*.....]
Gold:   22         SH:  0    Dex: 12    Spells: 0/0 levels left

rFire   . . .      SeeInvis .   a - +0 hand axe
rCold   . . .      Faith    .   (no shield)
rNeg    . . .      Spirit   .   b - +0 animal skin
rPois   .          Reflect  .   (no helmet)
rElec   .          Harm     .   (no cloak)
rCorr   .          Rampage  .   (no gloves)
Will    .....                   (no boots)
Stlth   ..........              (no amulet)
HPRegen 0.09/turn               (no ring)
MPRegen 0.07/turn               (no ring)

@: berserking, very quick
A: no striking features
a: Renounce Religion, Berserk


You were on level 1 of the Dungeon.
You worshipped Trog.
Trog was aware of your devotion.
You visited 1 branch of the dungeon, and saw 1 of its levels.

You collected 22 gold pieces.

Inventory:

Hand Weapons
 a - a +0 hand axe (weapon)
Missiles
 e - 22 stones (quivered)
Armour
 b - a +0 animal skin (worn)
Scrolls
 c - a scroll of identify {unknown}
 d - a scroll of fear {unknown}


   Skills:
 - Level 3.0 Fighting
 + Level 3.1 Axes
 - Level 1.7 Armour
 - Level 1.7 Dodging


You couldn't memorise any spells.
You didn't know any spells.
Your spell library was empty.

Dungeon Overview and Level Annotations

Branches:
Dungeon (1/15)

Altars:

Shops:
D:1 !


Message History

A rat is nearby!
Found Wyigosygh's Distillery.
Found 17 bolts.
Found a spear.
The rat closely misses you.
You see here 22 stones.
You barely miss the rat. The rat closely misses you. The rat bites you.
You barely miss the rat. The rat closely misses you.
You hit the rat.
You kill the rat!
Trog accepts your kill.
No target in view!
No target in view!
HP restored.
e - 22 stones
Found an escape hatch in the floor.
There is an entrance to Wyigosygh's Distillery here.
A gnoll comes into view. It is wielding a +0 flail.
The gnoll moves out of view.
A gnoll is nearby!
A gnoll is nearby!
Found a ring mail.
A bat comes into view.
The gnoll hits you with a +0 flail.
You barely miss the gnoll. The bat hits you but does no damage.
The gnoll closely misses you.
You barely miss the gnoll. The bat barely misses you. x2
The gnoll barely misses you.
You barely miss the gnoll. The bat barely misses you.
The gnoll hits you with a +0 flail. The gnoll barely misses you.
You are too injured to fight recklessly!
A red film seems to cover your vision as you go berserk!
You feel yourself moving faster!
You feel mighty! The bat barely misses you. The gnoll hits you with a +0 flail!
* * * LOW HITPOINT WARNING * * *
You closely miss the gnoll. You hit the gnoll.
The gnoll is lightly wounded.
You closely miss the bat. The bat misses you.
The gnoll hits you with a +0 flail!
You die...

.. #.# ##.... ## #.#
.... #####.# ...
...(..###### #.#
######.....# #.########
######.###)###.........
.......# #.......#####
#..###.###.#####.#
##.8.>.∩.8.# #@#
#######...##....g..#
#..###..b....# #..#
#.......#
#.....[........
#.####.......### #.#
#.......# ..# #.......#
###


You could see a gnoll and a bat.

Vanquished Creatures
  An endoplasm (D:1)
  A giant cockroach (D:1)
  A goblin (D:1)
  A frilled lizard (D:1)
  A rat (D:1)
5 creatures vanquished.

Notes
Turn   | Place    | Note
-------+----------+-------------------------------------------
     0 | D:1      | knot the Demonspawn Berserker began the quest for the Orb.
     0 | D:1      | Reached XP level 1. HP: 18/18 MP: 1/1
   331 | D:1      | Found Wyigosygh's Distillery.
   373 | D:1      | Mangled by a gnoll

Illustrated notes

Levels and vault maps discovered:
D:1:      ncdulo_watergridlock, layout_loops_ring, serial_shops, shop_statue,
          dilly_ecumenical_altar_fadedgnrine

Skill      XL: |  1 |
---------------+----+-----
Axes           | 3 |  3.1
Fighting       | |  3.0
Armour         | |  1.7
Dodging        | |  1.7

Action                   || total
-------------------------++-------
Melee: Hand axe          ||    23
Invok: Berserk           ||     1
Armor: Animal skin       ||     3
Dodge: Dodged            ||    21

Table legend: (Time is in decaauts)
 A = Elapsed time spent in this place.
 B = Non-inter-level travel time spent in this place.
 C = Inter-level travel time spent in this place.
 D = Time resting spent in this place.
 E = Time spent auto-exploring this place.
 F = Levels seen in this place.
 G = Mean time per level.
                   A        B        C        D        E       F      G
               +--------+--------+--------+--------+--------+-----+--------+
         Total |    376 |    376 |      0 |    271 |     58 |   1 |  376.0 |
       Dungeon |    376 |    376 |      0 |    271 |     58 |   1 |  376.0 |
               +--------+--------+--------+--------+--------+-----+--------+

Top non-repeatable levels by time:
     D:1: 376 daAuts
